 Dungeon Crawl Stone Soup version 0.21.1-1-g345015f (webtiles) character file.

70 inc the Magician (level 4, -2/40 HPs)
             Began as an Octopode Conjurer on June 8, 2018.
             Slain by Crazy Yiuf
             ... wielding a +4 quarterstaff of chaos
              (10 damage)
             ... on level 2 of the Dungeon.
             The game lasted 00:02:44 (1806 turns).

inc the Magician (Octopode Conjurer)                Turns: 1806, Time: 00:02:46

Health: -2/40      AC:  1    Str: 12    XL:     4   Next: 21%
Magic:  2/10       EV: 13    Int: 18    God:
Gold:   127        SH:  0    Dex: 12    Spells: 8/11 levels left

rFire    . . .     SeeInvis .   (no weapon)
rCold    . . .     Gourm    .   (no shield)
rNeg     . . .     Faith    .   (helmet restricted)
rPois    .         Spirit   .   (no amulet)
rElec    .         Reflect  .   (no ring)
rCorr    .         Harm     .   (no ring)
MR       .....                  (no ring)
Stlth    ..........             (no ring)
HPRegen  0.13/turn              (no ring)
MPRegen  0.12/turn              (no ring)
                                (no ring)
                                (no ring)

@: berserking, lethally poisoned (-2 -> -14), very quick
A: almost no armour, stealthy swim, amphibious, 8 rings, constrict 8, camouflage
1, gelatinous body 1
a: no special abilities


You were on level 2 of the Dungeon.
You were hungry.

You visited 1 branch of the dungeon, and saw 2 of its levels.

You collected 127 gold pieces.

Inventory:

Scrolls
 c - a scroll of teleportation {unknown}
 e - a scroll of identify {unknown}
 g - a scroll of enchant weapon {unknown}
 i - 2 scrolls of remove curse {unknown}
 j - a scroll of enchant armour {unknown}
 n - a scroll of blinking {unknown}
Potions
 d - a potion of invisibility {unknown}
 f - a potion of lignification {unknown}
 h - a potion of magic {unknown}
 l - a potion of flight {unknown}
 m - a potion of ambrosia {unknown}
Books
 a - a book of Conjurations

   Spells                             Type                      Level
   a - Magic Dart                     Conjuration                  1
   b - Searing Ray                    Conjuration                  2
   c - Dazzling Spray                 Conjuration/Hexes            3
   d - Fulminant Prism                Conjuration/Hexes            4
   e - Force Lance                    Conjuration/Translocation    4
   f - Iskenderun's Mystic Blast      Conjuration                  4
Comestibles
 b - 7 rations


   Skills:
 - Level 2.0 Dodging
 - Level 2.6 Stealth
 + Level 4.1 Spellcasting
 - Level 4.0 Conjurations


You had 8 spell levels left.
You knew the following spells:

 Your Spells              Type           Power        Failure   Level  Hunger
a - Magic Dart            Conj           ###.         2%          1    None
b - Searing Ray           Conj           ###...       4%          2    ##.....


Dungeon Overview and Level Annotations

Branches:
Dungeon (2/15)

Altars:

Annotations:
D:2 Crazy Yiuf


Innate Abilities, Weirdness & Mutations

You cannot wear most types of armour.
You are very stealthy in the water. (Stealth+)
You are amphibious.
You can wear up to eight rings at the same time.
You can use your tentacles to constrict eight enemies at once.
Your skin changes colour to match your surroundings (Stealth+).
Your rubbery body absorbs attacks. (AC +1, EV +1)


Message History

Press: ? - help, Shift-Dir - straight line, f/p - Crazy Yiuf
Aim: Crazy Yiuf, wielding a quarterstaff of chaos and wearing a cloak (heavily wounded)
The searing ray hits Crazy Yiuf.
Crazy Yiuf is severely wounded. (Press . to maintain the ray.)
You feel sick.
The searing ray hits Crazy Yiuf.
Crazy Yiuf is almost dead.
You feel sick.
Crazy Yiuf hits you with a quarterstaff of chaos!
* * * LOW HITPOINT WARNING * * *
A red film seems to cover your vision as you go berserk!
You feel yourself moving faster!
You feel mighty!
You barely miss Crazy Yiuf. You grab Crazy Yiuf.
Crazy Yiuf is almost dead.
You constrict Crazy Yiuf, but do no damage.
* * * LOW HITPOINT WARNING * * *
You feel sick.
Crazy Yiuf hits you with a quarterstaff of chaos!
You die...

#............########.###..##
#............# #........
#............# ##..###..#
#...########## #.)..^....
#...# #........# #...#
#........# #...##♣♣ ###
#......... ##.....♣♣ ♣♣#..)#
#........# #......♣♣♣♣@g...#
#........# ##......♣..♣#...#
###'###..# ##....♣.♣♣♣ ###
#......# ###♣♣♣♣♣ #..##..#
#..###.# ############# #..#
#.. #...........#######..#
##. #...........'........# #.
#...........######...####.


You could see Crazy Yiuf.

Vanquished Creatures
  3 adders (D:2)
  A worm (D:2)
  A dart slug (D:2)
  3 giant cockroaches
  4 goblins
  8 hobgoblins
  2 ball pythons (D:2)
  6 bats
  2 frilled lizards (D:2)
  5 kobolds
  3 rats
38 creatures vanquished.

Notes
Turn   | Place    | Note
-------+----------+-------------------------------------------
     0 | D:1      | inc the Octopode Conjurer began the quest for the Orb.
     0 | D:1      | Reached XP level 1. HP: 11/11 MP: 3/3
   338 | D:1      | Reached XP level 2. HP: 17/17 MP: 0/5
  1003 | D:2      | Reached XP level 3. HP: 21/21 MP: 0/7
  1296 | D:2      | Reached XP level 4. HP: 12/27 MP: 1/9
  1441 | D:2      | Found a runed door.
  1695 | D:2      | Learned a level 2 spell: Searing Ray
  1799 | D:2      | Noticed Crazy Yiuf
  1806 | D:2      | Slain by Crazy Yiuf

Skill      XL: |  1  2  3  4 |
---------------+-------------+-----
Spellcasting   | 3 4 |  4.1
Dodging        | |  2.0
Stealth        | |  2.6
Conjurations   | |  4.0

Action                   |  1- 3 |  4- 6 || total
-------------------------+-------+-------++-------
Melee: Unarmed           |    14 |     4 ||    18
       Constrict         |     5 |     1 ||     6
       Tentacles         |     1 |       ||     1
 Cast: Magic Dart        |    64 |    22 ||    86
       Searing Ray       |       |     2 ||     2
  Eat: Chunk             |     1 |     1 ||     2
Armor: Skin              |     1 |       ||     1
Dodge: Dodged            |    22 |     6 ||    28
